 Dungeon Crawl Stone Soup version 0.28-a0-863-g8cecda6153 (webtiles) character file.

Game seed: 5055851013023367537

686 bande the Covered (level 7, 0/44 HPs)
             Began as a Gargoyle Fighter on Nov 18, 2021.
             Slain by an ogre (18 damage)
             ... on level 5 of the Dungeon.
             The game lasted 00:07:46 (3823 turns).

bande the Covered (Gargoyle Fighter)                Turns: 3823, Time: 00:07:47

Health: 0/44       AC: 13    Str: 21    XL:     7   Next: 62%
Magic:  7/7        EV:  5    Int:  8    God:
Gold:   1098       SH: 12    Dex: 10    Spells: 6/6 levels left

rFire   . . .      SeeInvis +   e - +14 obsidian axe {vorpal, Mesm Drain Fly SInv}
rCold   . . .      Faith    .   o - +0 tower shield
rNeg    + . .      Spirit   .   b - +0 scale mail
rPois   ∞          Reflect  .   q - +0 helmet
rElec   +          Harm     .   (no cloak)
rCorr   .          Rampage  .   (no gloves)
Will    .....                   (no boots)
Stlth   ..........              (no amulet)
HPRegen 0.14/turn               (no ring)
MPRegen 0.10/turn               (no ring)

@: flying, mesmerised
A: sickness immunity, AC +4, negative energy resistance 1, electricity
resistance, torment resistance 1, petrification resistance
a: no special abilities


You were on level 5 of the Dungeon.
You visited 1 branch of the dungeon, and saw 5 of its levels.

You collected 1098 gold pieces.

Inventory:

Hand Weapons
 a - a +0 war axe
 c - a +2 vorpal broad axe
 e - the +14 obsidian axe (weapon) {vorpal, Mesm Drain Fly SInv}
   (You acquired it on level 3 of the Dungeon)

   It inflicts extra damage upon your enemies.
   It occasionally summons demons to assist the wielder when it strikes in
   combat.
   Its wielder is mesmerised by any visible foes.
   It cannot be unequipped while any foes are visible.
   SInv:      It lets you see invisible.
   Fly:       It grants you flight.
   Drain:     It drains your maximum health when unequipped.
 t - a +0 war axe
Missiles
 s - 2 throwing nets (quivered)
Armour
 b - a +0 scale mail (worn)
 o - a +0 tower shield (worn)
 q - a +0 helmet (worn)
Scrolls
 g - a scroll of teleportation {unknown}
 k - 3 scrolls of holy word
Potions
 d - a potion of might
 f - 5 potions of curing
 h - a potion of invisibility {unknown}
 i - a potion of haste {unknown}
 l - 2 potions of mutation {unknown}
 p - 4 potions of heal wounds {unknown}


   Skills:
 + Level 4.5 Fighting
 + Level 5.3 Axes
 + Level 5.4 Armour
 - Level 0.1 Stealth
 + Level 4.8 Shields


You had 6 spell levels left.
You didn't know any spells.
Your spell library contained the following spells:

 Spells                   Type           Power      Damage    Failure   Level
 Beastly Appendage        Tmut           0%         N/A       100%        1
 Sandblast                Erth           0%         2d4       100%        1
 Passwall                 Tmut/Erth      0%         N/A       100%        2
 Wereblood                Tmut           0%         N/A       100%        2
 Conjure Flame            Conj/Fire      0%         6-21      100%        3
 Ignite Poison            Fire/Tmut/Pois 0%         N/A       100%        3
 Spider Form              Tmut/Pois      0%         N/A       100%        3
 Stone Arrow              Conj/Erth      0%         3d7       100%        3
 Sticky Flame             Conj/Fire      0%         2d3       100%        4


Dungeon Overview and Level Annotations

Branches:
Dungeon (5/15)
 Temple: D:4-7

Altars:
Ru
Sif Muna


Innate Abilities, Weirdness & Mutations

You are immune to sickness and miasma.
Your stone body is resilient. (AC +4)
You are immune to poison.
You resist negative energy. (rN+)
You are resistant to electric shocks. (rElec)
You are resistant to unholy torment.
You are immune to petrification.


Message History

An ogre comes into view. It is wielding a +0 giant spiked club.
You slice the orc!!
You break out of your daze!
You kill the orc!
You slash the orc!
You kill the orc!
Visions of slaying the orc flood into your mind.
An orc comes into view. It is wielding a +0 hand axe.
Unknown command.
You closely miss the orc. x2; The orc hits you with a +0 flail.
The orc hits you but does no damage. You block the orc's attack.
You slash the orc!
You break out of your daze!
You kill the orc!
You slash the orc!
You kill the orc!
Visions of slaying the orc flood into your mind.
Unknown command.
You barely miss the orc wizard. You slash the orc!
You are no longer entranced.
You kill the orc!
Visions of slaying the orc wizard flood into your mind.
The orc wizard hits you but does no damage.
The orc priest begins to cast a cantrip, but forgets the words!
You block the orc wizard's attack.
You closely miss the orc wizard. You hit the orc priest.
The orc priest hits you with a +0 whip. You block the orc wizard's attack.
The orc priest looks satisfied for a moment.
Unknown command.
You barely miss the orc wizard. You slash the orc priest!
You kill the orc priest!
The orc wizard casts a spell at you. The puff of flame hits you.
The ogre hits you with a +0 giant spiked club!
The orc wizard hits you but does no damage.
Unknown command.
You closely miss the orc wizard. You slash the ogre!
You block the orc wizard's attack.
The ogre hits you with a +0 giant spiked club!!
You die...

... .### .. #.# ....
..# #.# ... ..# #.#
#.. ..# #.#
.###..###.# #.#
.....oOo.$# #.# #@#
#.# #.# ####!# #.#
##.)..# #.# #.).###
#.# #.#<# #.#
######.#.#### #
#.###.#....#....#
###.##.##....#######.#
#..........#....#....#


You could see an ogre, an orc wizard (mesmerising, invisible) and an orc.

Vanquished Creatures
  An ogre (D:4)
  A kobold brigand (D:4)
  A scorpion (D:3)
  A gnoll shaman (D:4)
  An orc priest (D:5)
  4 orc wizards
  A hound skeleton (D:4)
  4 adders
  5 gnolls (D:4)
  An ufetubus (D:5)
  3 dart slugs
  10 orcs
  4 bats
  2 endoplasms (D:1)
  A giant cockroach (D:1)
  A goblin (D:2)
  7 hobgoblins
  9 jackals
  10 kobolds
  A quokka (D:1)
  5 ball pythons
  5 frilled lizards
  10 rats
  A spectral kobold (D:2)
89 creatures vanquished.

Vanquished Creatures (collateral kills)
  A phantom (D:4)
  An orc wizard (D:4)
  An adder (D:4)
  An ufetubus (D:4)
  3 orcs (D:4)
  A frilled lizard (D:4)
  2 kobolds (D:4)
  A rat (D:4)
11 creatures vanquished.

Vanquished Creatures (others)
  A fungus (D:2)
  3 plants (D:4)
  4 toadstools (D:2)
8 creatures vanquished.

Grand Total: 108 creatures vanquished

Notes
Turn   | Place    | Note
-------+----------+-------------------------------------------
     0 | D:1      | bande the Gargoyle Fighter began the quest for the Orb.
     0 | D:1      | Reached XP level 1. HP: 14/14 MP: 1/1
   137 | D:1      | Reached XP level 2. HP: 19/19 MP: 2/2
   801 | D:1      | You fall into a shaft and drop 1 floor!
   816 | D:2      | Reached XP level 3. HP: 22/23 MP: 3/3
  1309 | D:2      | Found a shimmering blue altar of Sif Muna.
  1406 | D:2      | Found a faded altar of an unknown god.
  1417 | D:2      | Reached XP level 4. HP: 28/29 MP: 4/4
  1851 | D:3      | Identified 3 scrolls of acquirement
  1851 | D:3      | Acquired the +14 obsidian axe {vorpal, Mesm Drain Fly SInv}
  1851 | D:3      | Found the +14 obsidian axe {vorpal, Mesm Drain Fly SInv}
  2013 | D:3      | Noticed a scorpion
  2018 | D:3      | Killed a scorpion
  2019 | D:3      | Reached XP level 5. HP: 28/33 MP: 5/5
  2554 | D:4      | Reached XP level 6. HP: 38/38 MP: 6/6
  2708 | D:4      | Reached skill level 5 in Armour
  2708 | D:4      | Reached XP level 7. HP: 41/44 MP: 7/7
  3383 | D:4      | Found a sacrificial altar of Ru.
  3543 | D:5      | Entered Level 5 of the Dungeon
  3735 | D:5      | Reached skill level 5 in Axes
  3742 | D:5      | Acquired a +2 vorpal broad axe
  3744 | D:5      | Acquired 894 gold pieces
  3823 | D:5      | Slain by an ogre

Illustrated notes

Levels and vault maps discovered:
D:1:      evilmike_arrival_crescent, layout_loops_ring
D:2:      layout_loops_ring, dreamdust_ecumenical_altar_drowned_temple,
          basic_altar, minmay_gold_behind_fungi
D:3:      layout_basic, minivault_24, minmay_three_crescents
D:4:      layout_loops_ring, nicolae_ru_path_of_blood,
          corexii_item_surrounded_by_moat, st_stairs_12, lexackson_kobold_supper
D:5:      layout_loops_ring, minmay_temple_entry_stoned_glass,
          biasface_ghost_orc_armoury, st_stairs_1, uniq_grinder,
          uniq_blork_the_orc, uniq_ijyb

Skill      XL: |  1  2  3  4  5  6  7 |
---------------+----------------------+-----
Axes           | 2 3 4 5 |  5.3
Armour         | 4 5 |  5.4
Shields        | 4 |  4.8
Fighting       | 4 |  4.5
Stealth        | |  0.1

Action                   |  1- 3 |  4- 6 |  7- 9 || total
-------------------------+-------+-------+-------++-------
Melee: War axe           |   140 |     9 |       ||   149
       Broad axe         |       |    43 |    26 ||    69
  Use: Scroll            |       |     6 |     7 ||    13
Armor: Scale mail        |    84 |    26 |    13 ||   123
Dodge: Dodged            |    77 |    25 |     5 ||   107
Block: Buckler           |    43 |     9 |       ||    52
       Tower shield      |       |    13 |    22 ||    35

Table legend: (Time is in decaauts)
 A = Elapsed time spent in this place.
 B = Non-inter-level travel time spent in this place.
 C = Inter-level travel time spent in this place.
 D = Time resting spent in this place.
 E = Time spent auto-exploring this place.
 F = Levels seen in this place.
 G = Mean time per level.
                   A        B        C        D        E       F      G
               +--------+--------+--------+--------+--------+-----+--------+
         Total |   3937 |   3919 |     18 |    571 |   2577 |   5 |  787.4 |
       Dungeon |   3937 |   3919 |     18 |    571 |   2577 |   5 |  787.4 |
               +--------+--------+--------+--------+--------+-----+--------+

Top non-repeatable levels by time:
     D:4: 1234 daAuts
     D:1: 1215 daAuts
     D:2: 640 daAuts
     D:3: 558 daAuts
     D:5: 289 daAuts
